 Dungeon Crawl Stone Soup version 0.26.1-11-gd32895ea62 (webtiles) character file.

Game seed: 14672865833538451551

63 Tocho the Poker (level 4, -3/34 HPs)
             Began as a Merfolk Gladiator on June 28, 2021.
             Slain by a hobgoblin
             ... wielding a +0 club
             ... led by Robin
              (5 damage)
             ... on level 2 of the Dungeon.
             The game lasted 00:03:59 (1331 turns).

Tocho the Poker (Merfolk Gladiator)                 Turns: 1331, Time: 00:04:00

Health: -3/34      AC:  4    Str: 15    XL:     4   Next: 9%
Magic:  4/4        EV: 14    Int:  7    God:
Gold:   108        SH:  0    Dex: 15    Spells: 3/3 levels left

rFire    . . .     SeeInvis .   a - +0 trident
rCold    . . .     Faith    .   (no shield)
rNeg     . . .     Spirit   .   b - +0 leather armour
rPois    .         Reflect  .   c - +0 helmet
rElec    .         Harm     .   (no cloak)
rCorr    .         Rampage  .   (no gloves)
Will     .....                  (no boots)
Stlth    +.........             (no amulet)
HPRegen  0.11/turn              (no ring)
MPRegen  0.09/turn              (no ring)

@: no status effects
A: change form in water, swift swim, stealthy swim
a: no special abilities


You were on level 2 of the Dungeon.
You visited 1 branch of the dungeon, and saw 2 of its levels.

You collected 108 gold pieces.

Inventory:

Hand Weapons
 a - a +0 trident (weapon)
Missiles
 d - 3 throwing nets
 h - 27 poisoned darts (quivered)
 j - 6 boomerangs
 l - 7 curare-tipped darts
 q - 40 stones
Armour
 b - a +0 leather armour (worn)
 c - a +0 helmet (worn)
Scrolls
 e - a scroll of enchant armour {unknown}
 f - a scroll of blinking {unknown}
 m - a scroll of magic mapping {unknown}
 n - 2 scrolls of identify {unknown}
 o - a scroll of remove curse {unknown}
 p - a scroll of enchant weapon {unknown}
Potions
 g - 2 potions of might {unknown}
 i - a potion of curing {unknown}
 k - 2 potions of heal wounds {unknown}


   Skills:
 + Level 2.5 Fighting
 + Level 5.5 Polearms
 + Level 2.7 Throwing
 + Level 4.7 Dodging
 + Level 0.3 Stealth


You had 3 spell levels left.
You didn't know any spells.
Your spell library was empty.

Dungeon Overview and Level Annotations

Branches:
Dungeon (2/15)

Altars:

Annotations:
D:2 Robin


Message History

Things that are here:
a +0 dagger; a goblin corpse Unknown command.
Robin says, "My goblins will feast on your bones."
The goblin hits you but does no damage.
The goblin no longer looks unusually strong.
Robin throws the goblin at you!
You hit the goblin.
You kill the goblin!
The hobgoblin hits you with a +0 club.
* * * LOW HITPOINT WARNING * * *
The hobgoblin no longer looks unusually strong.
Robin throws the goblin at you!
You barely miss the goblin. The goblin hits you but does no damage.
The hobgoblin hits you with a +0 club.
* * * LOW HITPOINT WARNING * * *
You hit the goblin.
You kill the goblin!
The hobgoblin hits you with a +0 club.
You die...

....######..#.
............(.
..........#.#.
##.....##.#.# ###
##.....##...........#.. .
##.....##.###..#.##.#.#.#
#..............#.##.#.#.##
#..>.......###.#)##......
...............#@##...#.#
................g##...#(#
...#.#....####.#g##...).#
................)..g).."#
.###..###.#.##.#.##.)##.#
............##.#.##.[# #
.###..#.#.#.##.#.##..# .#
# .#.#.#......##..# #
#.####.#.##..#


You could see Robin and a hobgoblin.

Vanquished Creatures
  A howler monkey skeleton (D:2)
  An ooze (D:1)
  A worm (D:2)
  A dart slug (D:2)
  A leopard gecko (D:2)
  2 giant cockroaches
  10 goblins
  4 hobgoblins
  3 kobolds
  8 bats
  4 frilled lizards
  8 rats
44 creatures vanquished.

Notes
Turn   | Place    | Note
-------+----------+-------------------------------------------
     0 | D:1      | Tocho the Merfolk Gladiator began the quest for the Orb.
     0 | D:1      | Reached XP level 1. HP: 16/16 MP: 1/1
   277 | D:1      | Reached XP level 2. HP: 22/22 MP: 2/2
   711 | D:1      | Reached XP level 3. HP: 28/28 MP: 3/3
   849 | D:1      | Reached skill level 5 in Polearms
  1306 | D:2      | Noticed Robin
  1307 | D:2      | Reached XP level 4. HP: 34/34 MP: 4/4
  1331 | D:2      | Slain by a hobgoblin

Illustrated notes

Levels and vault maps discovered:
D:1:      dpeg_arrival_solitude, layout_basic
D:2:      layout_basic, serial_glass, glass_columns_c, glass_columns_a,
          uniq_robin

Skill      XL: |  1  2  3 |
---------------+----------+-----
Polearms       | 5 |  5.5
Fighting       | |  2.5
Throwing       | |  2.7
Dodging        | |  4.7
Stealth        | |  0.3

Action                   |  1- 3 |  4- 6 || total
-------------------------+-------+-------++-------
Melee: Trident           |    88 |    17 ||   105
Throw: Dart              |    46 |     1 ||    47
Armor: Leather armour    |    14 |     4 ||    18
Dodge: Dodged            |    42 |    21 ||    63
